 Dungeon Crawl Stone Soup version 0.31-a0-236-g9a0961fb85 (webtiles) character file.

Game seed: 18155807247811719214

59 qw the Shooter (level 3, -4/29 HPs)
             Began as a Minotaur Hexslinger on July 9, 2023.
             Slain by a lemure (5 damage)
             ... led by Pikel
             ... on level 4 of the Dungeon.
             The game lasted 00:00:46 (2389 turns).

qw the Shooter (Minotaur Hexslinger)                Turns: 2389, Time: 00:00:46

Health: -4/29      AC:  5    Str: 18    XL:     3   Next: 78%
Magic:  3/3        EV: 11    Int: 10    God:
Gold:   151        SH:  0    Dex: 14    Spells: 3/4 levels left

rFire   . . .        Y - +1 sling
rCold   . . .        (no shield)
rNeg    . . .        g - +0 ring mail
rPois   .            (helmet restricted)
rElec   .            (no cloak)
rCorr   .            (no gloves)
SInv    .            (no boots)
Will    .....        e - amulet of faith
Stlth   +            d - +6 ring of strength
HPRegen 0.24/turn    (no ring)
MPRegen 0.08/turn

%: faith
@: about to teleport
A: horns 2, retaliatory headbutt
a: no special abilities


You were on level 4 of the Dungeon.
You visited 1 branch of the dungeon, and saw 4 of its levels.

You collected 151 gold pieces.


Innate Abilities, Weirdness & Mutations

You have a pair of horns on your head.
You reflexively headbutt those who attack you in melee.


   Skills:
 - Level 2.1 Fighting
 + Level 4.3 Ranged Weapons
 - Level 2.1 Dodging
 - Level 1.0 Spellcasting
 - Level 2.0 Hexes


You had 3 spell levels left.
You knew the following spells:

 Your Spells              Type           Power      Damage    Failure   Level
a - Slow                  Hex            16%        N/A       26%         1

Your spell library contained the following spells:

 Spells                   Type           Power      Damage    Failure   Level
 Inner Flame              Hex/Fire       2%         N/A       77%         3
 Portal Projectile        Hex/Tloc       4%         N/A       77%         3
 Cause Fear               Hex            2%         N/A       95%         4

Inventory:

Hand Weapons
 Y - a +1 sling (weapon)
Armour
 g - a +0 ring mail (worn)
Jewellery
 d - a +6 ring of strength (left hand)
 e - an amulet of faith (around neck)
 h - an amulet of the acrobat
Scrolls
 a - a scroll of teleportation
 i - a scroll of identify
Potions
 b - a potion of curing
 c - a potion of enlightenment
 k - a potion of heal wounds {unknown}

Dungeon Overview and Level Annotations

Branches:
Dungeon (4/15)
 Temple: D:4-7

Altars:
Fedhas
Ru
Yredelemnul
The Shining One

Annotations:
D:4 Grinder


Message History

You shoot a sling bullet.
The sling bullet barely misses the lemure.
The sling bullet hits the goblin.
The goblin is almost dead.
The lemure hits you.
You shoot a sling bullet.
The sling bullet closely misses the lemure.
The sling bullet closely misses the goblin.
You hear a shout!
An orc wizard comes into view. It is wielding a +0 dagger.
An orc comes into view. It is wielding a +0 club.
The lemure hits you.
The orc wizard moves out of view.
You shoot a sling bullet.
The sling bullet closely misses the goblin.
The sling bullet closely misses the lemure.
You hear a shout!
The goblin closely misses you. You furiously retaliate!
You headbutt the goblin.
You kill the goblin!
The lemure closely misses you.
You shoot a sling bullet. The sling bullet misses the lemure.
You hear a shout!
Grinder blinks!
The lemure hits you.
You shoot a sling bullet.
The sling bullet hits the lemure but does no damage.
The lemure hits you. The lemure barely misses you.
2388 ||| READING 2 scrolls of teleportation.
As you read the scroll of teleportation, it crumbles to dust.
You feel strangely unstable.
The lemure closely misses you. x2; You furiously retaliate!
You headbutt the lemure.
An ufetubus comes into view.
You shoot a sling bullet. The ufetubus shouts!
The sling bullet hits the lemure.
The lemure is moderately wounded.
The lemure hits you. The lemure closely misses you. You furiously retaliate!
You headbutt the lemure.
An orc priest comes into view. It is wielding a +0 club.
The lemure hits you.
You die...

##### . #@5.#
..############5#.5....
#............o## .####
...........5#.# #
7777..####.o.##.#
............## ##
########...###
##########
...........#
#........#
########...#
#.######.#######.


You could see Grinder, 2 lemures, an orc priest (wandering), an orc and an
ufetubus.

Vanquished Creatures
  An adder (D:2)
  A worm (D:3)
  2 dart slugs
  An orc (D:3)
  5 endoplasms
  A giant cockroach (D:1)
  7 goblins
  A hobgoblin (D:3)
  3 jackals
  4 kobolds
  A ball python (D:2)
  6 bats
  3 frilled lizards
  3 rats
39 creatures vanquished.

Notes
Turn   | Place    | Note
-------+----------+-------------------------------------------
     0 | D:1      | qw the Minotaur Hexslinger began the quest for the Orb.
     0 | D:1      | Reached XP level 1. HP: 16/16 MP: 1/1
     0 | D:1      | 0 ||| qw: Version: 0.3-a-51-g015441d
     0 | D:1      | 0 ||| qw: Game counter: 4423
     0 | D:1      | 0 ||| qw: Melee chars always use a shield: true
     0 | D:1      | 0 ||| qw: God list: Okawaru
     0 | D:1      | 0 ||| qw: Allow faded altars: false
     0 | D:1      | 0 ||| qw: Do Orc after clearing Dungeon:15 true
     0 | D:1      | 0 ||| qw: Do second Lair branch before Depths: true
     0 | D:1      | 0 ||| qw: Lair rune preference: random
     0 | D:1      | 0 ||| qw: Goals: Normal
     0 | D:1      | 0 ||| PLANNING D:1-11
   316 | D:1      | Reached skill level 3 in Ranged Weapons
   318 | D:1      | Reached XP level 2. HP: 21/23 MP: 2/2
   720 | D:1      | 720 ||| UPGRADING to +0 ring mail.
   730 | D:1      | 730 ||| DROPPING +0 robe.
   731 | D:1      | 731 ||| UPGRADING to amulet of faith.
   736 | D:1      | 736 ||| READING 2 scrolls labelled YNLUVV NIORO.
   741 | D:1      | 741 ||| READING 3 scrolls labelled NOC PIUBEG.
   742 | D:1      | 742 ||| READING scroll labelled VULATHUXEB.
   743 | D:1      | 743 ||| READING 2 scrolls of identify.
   743 | D:1      | 743 ||| IDENTIFYING cyan potion
   744 | D:1      | 744 ||| DROPPING scroll of poison.
   745 | D:1      | 745 ||| DROPPING potion of attraction.
  1298 | D:2      | Reached XP level 3. HP: 26/29 MP: 3/3
  1347 | D:2      | 1347 ||| UPGRADING to +6 ring of strength.
  1348 | D:2      | 1348 ||| READING 2 scrolls labelled ANGUSURUEN.
  1349 | D:2      | 1349 ||| READING scroll labelled WITTOO WASUKK.
  1401 | D:2      | 1401 ||| DROPPING scroll of butterflies.
  1664 | D:3      | Reached skill level 4 in Ranged Weapons
  1727 | D:3      | Found a faded altar of an unknown god.
  1731 | D:3      | Found a blossoming altar of Fedhas.
  1750 | D:3      | Found a sacrificial altar of Ru.
  1788 | D:3      | Found a glowing golden altar of the Shining One.
  1790 | D:3      | Noticed an angel
  1824 | D:3      | Found a basalt altar of Yredelemnul.
  1869 | D:3      | Noticed a profane servitor
  2273 | D:3      | 2273 ||| DRINKING 2 fuming blue potions.
  2274 | D:3      | 2274 ||| READING 4 scrolls of identify.
  2274 | D:3      | 2274 ||| IDENTIFYING green potion
  2275 | D:3      | 2275 ||| READING 3 scrolls of identify.
  2275 | D:3      | 2275 ||| IDENTIFYING viscous golden potion
  2276 | D:3      | 2276 ||| READING 2 scrolls of identify.
  2276 | D:3      | 2276 ||| IDENTIFYING murky cyan potion
  2277 | D:3      | 2277 ||| DROPPING potion of brilliance.
  2278 | D:3      | 2278 ||| DROPPING potion of degeneration.
  2375 | D:4      | Noticed a lemure
  2377 | D:4      | Noticed a lemure
  2378 | D:4      | Noticed Grinder
  2387 | D:4      | HP: 5/29 [lemure[Pikel] (5)]
  2388 | D:4      | 2388 ||| READING 2 scrolls of teleportation.
  2389 | D:4      | HP: 1/29 [lemure[Pikel] (5)]
  2389 | D:4      | Slain by a lemure

Levels and vault maps discovered:
D:1:      eino_arrival_water_cross, layout_loops_cross, roderic_serpentine_path
D:2:      layout_rooms, dk_noncrumbling_4, minmay_misc_feat_tower,
          kennysheep_nub
D:3:      minmay_door_path, layout_basic, grunt_temple_overflow_holy_war,
          nicolae_overflow_ecumenical_swirl, lemuel_crystal_altar
D:4:      layout_loops_ring, mainiacjoe_overflow_boulevard,
          gammafunk_ghost_split, amcnicky_mini_rare_corridor_liquid,
          uniq_grinder, uniq_pikel

Skill      XL: |  1  2  3 |
---------------+----------+-----
Ranged Weapons | 3 4 |  4.3
Fighting       | 2 |  2.1
Dodging        | |  2.1
Spellcasting   | |  1.0
Hexes          | |  2.0

Action                     || total
---------------------------++-------
   Fire: Sling             ||   137
    Use: Scroll            ||    10
         Potion            ||     1
 Armour: Robe              ||     4
         Ring mail         ||    21
  Dodge: Dodged            ||    51

Table legend:
 A = Non-vault XP
 B = Vault XP
 C = Vault XP percentage of total XP
 D = Non-vault monster count
 E = Vault monster count
 F = Vault count percentage of total count
                 A         B        C        D         E       F
            +---------+---------+-------+---------+---------+-------
      Total |      75 |      10 |  11.8 |      34 |       5 |  12.8
            +---------+---------+-------+---------+---------+-------
        D:1 |      17 |       0 |   0.0 |       9 |       0 |   0.0
        D:2 |      36 |       0 |   0.0 |      15 |       0 |   0.0
        D:3 |      18 |      10 |  35.7 |       8 |       5 |  38.5
        D:4 |       4 |       0 |   0.0 |       2 |       0 |   0.0
            +---------+---------+-------+---------+---------+-------
